[Event "Monday Night Engine Tour 13 Rd Swiss 3m+1s Starts at 2200hrs ST"]
[Site "Infinity Chess"]
[Date "2018.4.9"]
[Round "8"]
[White "star99"]
[Black "SkyPilot"]
[Result "1/2-1/2"]
[ECO "D70"]
[WhiteElo "2435"]
[BlackElo "2499"]
[WhiteEngine "Cryptic Heroes 9.3B"]
[BlackEngine "stockfish_x64_bmi2_2018_04_07_CTG"]
[EventType "Swiss"]
[WhiteTeam ""]
[BlackTeam ""]
[PlyCount "128"]
[TimeControl "180+1"]

1. d4 Nf6 2. c4 g6 3. f3 c5 4. d5 Bg7 5. Nh3 b5 6. e4 b4 7. Nf2 d6 8. Be2 O-O 
9. O-O a5 10. Bg5 Nbd7 11. Nd2 e6 12. Re1 h6 13. Be3 Re8 14. Nf1 exd5 
15. cxd5 Ba6 16. Bxa6 Rxa6 17. a3 Ra8 18. Qc1 Kh7 19. axb4 axb4 20. Rxa8 Qxa8 
21. Nd2 Nb6 22. Bf4 Qd8 23. Nd3 Qe7 24. g3 Nfd7 25. Kg2 Ne5 26. Bxe5 Bxe5 
27. h4 Bd4 28. Nb3 Bg7 29. Na5 Qa7 30. Nc4 Nxc4 31. Qxc4 Bd4 32. f4 Kg7 
33. e5 h5 34. Kh2 Re7 35. Kg2 Re8 36. Re4 Qd7 37. Re2 Qg4 38. Nf2 Qd7 
39. b3 dxe5 40. fxe5 Ra8 41. Rd2 Ra7 42. Re2 Ra8 43. Rd2 Ra3 44. Re2 Ra7 
45. d6 Qc6+ 46. Ne4 Bxe5 47. Rd2 f5 48. Qd5 Qxd5 49. Rxd5 fxe4 50. Rxe5 Kf6 
51. Rxc5 Ra2+ 52. Kf1 Rd2 53. Rc4 Rxd6 54. Rxe4 Rd3 55. Rf4+ Ke5 56. Rxb4 Rxg3 
57. Kf2 Rh3 58. Rb5+ Kd4 59. Kg2 Rc3 60. Rb6 Re3 61. Rxg6 Rxb3 62. Rg5 Ke4 
63. Rxh5 Kf4 64. Ra5 Rb1 1/2-1/2

[Event "Monday Night Engine Tour 13 Rd Swiss 3m+1s Starts at 2200hrs ST"]
[Site "Infinity Chess"]
[Date "2018.4.9"]
[Round "8"]
[White "Deep_Impact"]
[Black "TasicV"]
[Result "1/2-1/2"]
[ECO "C65"]
[WhiteElo "2518"]
[BlackElo "2344"]
[WhiteEngine "asmFishW_2018-04-07_bmi2"]
[BlackEngine "SugaR.XPrO.1.4.64.POCNT_CTG"]
[EventType "Swiss"]
[WhiteTeam ""]
[BlackTeam ""]
[PlyCount "130"]
[TimeControl "180+1"]

1. e4 e5 2. Nf3 Nc6 3. Bb5 Nf6 4. O-O Nxe4 5. d4 Nd6 6. Bxc6 dxc6 7. dxe5 Nf5 
8. Qxd8+ Kxd8 9. Nc3 Bd7 10. Rd1 Kc8 11. Ng5 Be8 12. Rd3 b6 13. b3 a5 
14. Bb2 Be7 15. Nge4 Bd7 16. a4 Nh4 17. Ne2 Bf5 18. N2g3 Be6 19. Nh5 Rg8 
20. h3 Kb7 21. Rad1 Bf5 22. f3 Rae8 23. Kh2 Bg6 24. Nf4 Bf5 25. R3d2 Ng6 
26. Nxg6 hxg6 27. g4 Be6 28. Kg3 Rh8 29. c4 Bc8 30. Kg2 Rhf8 31. Bc3 Ka6 
32. Re2 Rd8 33. Rxd8 Rxd8 34. Rd2 Re8 35. Rd1 Be6 36. Be1 Kb7 37. Bf2 f5 
38. exf6 gxf6 39. Be3 f5 40. Ng5 Bc8 41. Bf4 b5 42. Kg3 Bb4 43. axb5 cxb5 
44. cxb5 Re2 45. h4 Be1+ 46. Kh3 Kb6 47. Rd3 Rb2 48. Be5 Rb1 49. Nh7 Kxb5 
50. Nf8 fxg4+ 51. fxg4 Bf2 52. Rf3 Bc5 53. Nxg6 Rh1+ 54. Kg3 Rg1+ 55. Kh2 Rxg4 
56. Rg3 Bf2 57. Rxg4 Bxg4 58. Bxc7 Be3 59. Bf4 Bc5 60. Ne5 Bd1 61. Nc4 Bxb3 
62. Nxa5 Kxa5 63. Bd2+ Kb5 64. Kg3 Bc2 65. h5 Kc4 1/2-1/2

[Event "Monday Night Engine Tour 13 Rd Swiss 3m+1s Starts at 2200hrs ST"]
[Site "Infinity Chess"]
[Date "2018.4.9"]
[Round "8"]
[White "CoffeeOne"]
[Black "Dovahkiin"]
[Result "1/2-1/2"]
[ECO "C50"]
[WhiteElo "2513"]
[BlackElo "2443"]
[WhiteEngine "cfish-extra"]
[BlackEngine "Raubfisch ME262_GTZ16f_CTG"]
[EventType "Swiss"]
[WhiteTeam ""]
[BlackTeam ""]
[PlyCount "130"]
[TimeControl "180+1"]

1. e4 e5 2. Nf3 Nc6 3. Bc4 Bc5 4. O-O Nf6 5. d3 d6 6. c3 O-O 7. Nbd2 a5 
8. Re1 Be6 9. Bb5 h6 10. Nf1 Ne7 11. h3 Ng6 12. Ng3 c6 13. Ba4 b5 14. Bc2 a4 
15. d4 Bb6 16. Be3 Re8 17. b3 axb3 18. axb3 Rxa1 19. Qxa1 Qc7 20. b4 Qb7 
21. Qb1 Bc7 22. Rc1 Qa6 23. Qb2 d5 24. dxe5 Nxe4 25. Nxe4 dxe4 26. Bxe4 Nxe5 
27. Bd4 Nc4 28. Qa1 Qb7 29. Qa7 Qxa7 30. Bxa7 Bd7 31. Rd1 Rxe4 32. Rxd7 Bb6 
33. Kf1 g5 34. Bxb6 Nxb6 35. Rd4 Rxd4 36. Nxd4 Nd5 37. Nxc6 Nxc3 38. Ke1 Kf8 
39. Kf1 Ke8 40. Nd4 Ke7 41. Ke1 Kf6 42. Kd2 Nd5 43. Nxb5 Ke5 44. Na3 Nxb4 
45. Nc4+ Ke6 46. Ne3 f5 47. Ke2 f4 48. Nc4 Kd5 49. Nd2 Nc6 50. Nf3 Nd8 
51. Ng1 Ne6 52. Nf3 Nc5 53. Nd2 Ne4 54. Nf3 h5 55. Ne1 Nc3+ 56. Kd3 Nd1 
57. Ke2 Nc3+ 58. Kf3 Nb5 59. g3 Nd4+ 60. Kg2 fxg3 61. fxg3 g4 62. hxg4 hxg4 
63. Nd3 Ke4 64. Nc5+ Ke3 65. Na4 Nf3 1/2-1/2

[Event "Monday Night Engine Tour 13 Rd Swiss 3m+1s Starts at 2200hrs ST"]
[Site "Infinity Chess"]
[Date "2018.4.9"]
[Round "8"]
[White "MarioDeMonti"]
[Black "MGR"]
[Result "1/2-1/2"]
[ECO "D30"]
[WhiteElo "2493"]
[BlackElo "2524"]
[WhiteEngine "stockfish_x64_bmi2_2018_02_18_CTG"]
[BlackEngine "Eman 1.70-beta15 64-bit BMI2"]
[EventType "Swiss"]
[WhiteTeam ""]
[BlackTeam ""]
[PlyCount "58"]
[TimeControl "180+1"]

1. d4 d5 2. c4 e6 3. Nf3 Nf6 4. Nc3 c6 5. Bg5 dxc4 6. e4 b5 7. e5 h6 8. Bh4 g5 
9. Nxg5 hxg5 10. Bxg5 Nbd7 11. exf6 Bb7 12. h4 Qa5 13. a4 b4 14. Ne4 Nb6 
15. Qc1 O-O-O 16. f3 Rxd4 17. Be3 b3+ 18. Kf2 Qe5 19. Bf4 Qd5 20. Rh3 Nd7 
21. Be3 Bb4 22. a5 Ba6 23. h5 e5 24. Nc3 Qe6 25. Ra4 Bf8 26. Ne4 Qd5 27. Nc3 Qe6 
28. Ne4 Qd5 29. Nc3 Qe6 1/2-1/2

[Event "Monday Night Engine Tour 13 Rd Swiss 3m+1s Starts at 2200hrs ST"]
[Site "Infinity Chess"]
[Date "2018.4.9"]
[Round "8"]
[White "Thinker"]
[Black "MCDermont"]
[Result "1/2-1/2 "]
[ECO "C55"]
[WhiteElo "2495"]
[BlackElo "2524"]
[WhiteEngine "BrainFish_180404_x64_modern_CTG"]
[BlackEngine "BrainFish 090218"]
[EventType "Swiss"]
[WhiteTeam ""]
[BlackTeam ""]
[PlyCount "166"]
[TimeControl "180+1"]

1. e4 e5 2. Nf3 Nc6 3. Bc4 Nf6 4. d3 Bc5 5. c3 d6 6. O-O O-O 7. h3 a5 
8. Nbd2 Be6 9. Bb5 h6 10. Re1 Qb8 11. Nf1 Qa7 12. Be3 Bxe3 13. Nxe3 Ne7 
14. a4 Ng6 15. Bc4 Nf4 16. Qc2 Bxc4 17. Nxc4 Qa6 18. b3 Rfe8 19. Kh2 Qc6 
20. Rad1 b6 21. d4 exd4 22. Nxd4 Qc5 23. g3 Ne6 24. e5 dxe5 25. Rxe5 Nxd4 
26. cxd4 Qc6 27. d5 Qc5 28. Rf5 Ne4 29. Rf4 Nd6 30. Kg2 Rad8 31. Qd3 Nxc4 
32. Rxc4 Qd6 33. Qf3 c5 34. Re4 g6 35. Rxe8+ Rxe8 36. Qc3 Re5 37. Qd3 Re7 
38. Qf3 h5 39. h4 Re8 40. Qc3 Re5 41. Qc4 Re8 42. Qd3 Kf8 43. Qa6 Kg7 
44. Qd3 Kf8 45. Qf3 Re7 46. Kh3 Kg8 47. Qd3 Kh7 48. Qc4 Kh6 49. Kh2 Kg7 
50. Kg2 Kh6 51. Kf3 Re5 52. Qf4+ Kg7 53. Kg2 f6 54. Qc4 Re7 55. Qc1 Re2 
56. Qc3 Kf7 57. Qd3 Re8 58. Qc4 Re7 59. Qb5 Re4 60. Rd3 Re8 61. Qc4 Kg7 
62. Rd1 Rd8 63. Qe2 Rd7 64. Qe8 Re7 65. Qa8 Rd7 66. Qc6 f5 67. Qxd6 Rxd6 
68. Kf3 Kf7 69. Kf4 Kf6 70. f3 Rd7 71. g4 hxg4 72. fxg4 fxg4 73. Kxg4 Ke5 
74. Kg5 Rd6 75. Rg1 Kxd5 76. Kh6 b5 77. axb5 c4 78. Rg5+ Kd4 79. Rg4+ Kc5 
80. Rxc4+ Kxb5 81. Rg4 Rd3 82. Kxg6 Rxb3 83. h5 Rf3 1/2-1/2

[Event "Monday Night Engine Tour 13 Rd Swiss 3m+1s Starts at 2200hrs ST"]
[Site "Infinity Chess"]
[Date "2018.4.9"]
[Round "8"]
[White "RonWeasley"]
[Black "Vimtiroba"]
[Result "1/2-1/2"]
[ECO "D30"]
[WhiteElo "2536"]
[BlackElo "2537"]
[WhiteEngine "BrainFish 090218_CTG"]
[BlackEngine "SF9 ''A6''_CTG"]
[EventType "Swiss"]
[WhiteTeam ""]
[BlackTeam ""]
[PlyCount "112"]
[TimeControl "180+1"]

1. d4 d5 2. c4 e6 3. Nf3 Nf6 4. Nc3 c6 5. Bg5 h6 6. Bxf6 Qxf6 7. e3 g6 
8. Be2 Bg7 9. O-O Nd7 10. e4 dxe4 11. Nxe4 Qf4 12. Qc2 f5 13. Ned2 c5 14. g3 Qc7 
15. Nh4 Bxd4 16. Nxg6 Rg8 17. Nh4 Nf6 18. Ndf3 Rxg3+ 19. hxg3 Qxg3+ 20. Ng2 Ng4 
21. Qd2 Bxf2+ 22. Rxf2 Qxf2+ 23. Kh1 Bd7 24. Ne5 O-O-O 25. Nxg4 fxg4 26. Rd1 h5 
27. b3 b6 28. Qd3 Qf5 29. Kg1 Qxd3 30. Rxd3 Be8 31. Kf2 Rxd3 32. Bxd3 Kd7 
33. Kg3 Ke7 34. Nf4 Kf6 35. Kh4 Ke5 36. Ne2 a6 37. a3 a5 38. a4 Bc6 39. Kxh5 g3 
40. Kg4 g2 41. Kg3 g1=R+ 42. Nxg1 Kd4 43. Bc2 e5 44. Bd1 Kc3 45. Nh3 Kd2 
46. Bf3 e4 47. Bg4 e3 48. Ng1 Kc2 49. Kf4 Kxb3 50. Bd1+ Kxc4 51. Kxe3 Kb4 
52. Kd2 Bxa4 53. Bxa4 Kxa4 54. Kc3 b5 55. Nf3 c4 56. Nd4 b4+ 1/2-1/2

[Event "Monday Night Engine Tour 13 Rd Swiss 3m+1s Starts at 2200hrs ST"]
[Site "Infinity Chess"]
[Date "2018.4.9"]
[Round "8"]
[White "THE_MACHINE"]
[Black "koalachess"]
[Result "1-0"]
[ECO "C11"]
[WhiteElo "2576"]
[BlackElo "2365"]
[WhiteEngine "BrainFish_180408_x64_bmi2"]
[BlackEngine "stockfish_9_x64_popcnt_CTG"]
[EventType "Swiss"]
[WhiteTeam ""]
[BlackTeam ""]
[PlyCount "211"]
[TimeControl "180+1"]

1. e4 e6 2. d4 d5 3. Nc3 Nf6 4. e5 Nfd7 5. f4 c5 6. Nf3 Nc6 7. Be3 cxd4 
8. Nxd4 Qb6 9. Qd2 Qxb2 10. Rb1 Qa3 11. Bb5 Nxd4 12. Bxd4 a6 13. Bxd7+ Bxd7 
14. Rb3 Qe7 15. Rxb7 Rc8 16. O-O Qd8 17. Qf2 Rc4 18. Rfb1 Ba3 19. R1b3 Be7 
20. f5 exf5 21. Qg3 Bc8 22. Qxg7 Rf8 23. Qh6 Rg8 24. Rb8 Rg6 25. Qd2 Rgc6 
26. Kh1 Qd7 27. Qd3 Qe6 28. Ne2 Rxc2 29. Bc3 Rxa2 30. h3 Bd8 31. Nf4 Qh6 
32. Bd2 Rac2 33. Qxd5 Rc1+ 34. Kh2 Bg5 35. R3b4 R1c2 36. Qd3 Bxf4+ 37. Rxf4 Qe6 
38. Rb1 R6c4 39. Rf2 Qxe5+ 40. Kh1 Qd4 41. Qg3 Be6 42. Rb7 Rc7 43. Rxc7 Rxc7 
44. Be3 Qe4 45. Qxc7 Qxe3 46. Rf3 Qd2 47. Rg3 Qd1+ 48. Kh2 Qd7 49. Qf4 f6 
50. Qh4 Qe7 51. Qa4+ Kf7 52. Qf4 Ke8 53. Qa4+ Kf7 54. Qxa6 f4 55. Rf3 Bd5 
56. Rxf4 Qe5 57. Qa7+ Kg6 58. Qd4 Qxd4 59. Rxd4 Bb3 60. Rg4+ Kf7 61. Kg3 h5 
62. Rb4 Bd1 63. Kf4 Be2 64. h4 Kg6 65. Ke4 Bf1 66. Rb2 Bc4 67. Kd4 Bf1 
68. Kc5 Ba6 69. Kd5 Kf7 70. Kd6 f5 71. Ke5 Bd3 72. Rb6 Bf1 73. Kxf5 Bxg2 
74. Kg5 Kg7 75. Kxh5 Bf3+ 76. Kg5 Be4 77. Re6 Bd3 78. Re7+ Kh8 79. Kh6 Kg8 
80. Re3 Bc2 81. Rf3 Bb1 82. Rg3+ Kf7 83. Rg7+ Kf8 84. Rg5 Bc2 85. Kh5 Kf7 
86. Kg4 Bb1 87. Kf4 Kf6 88. h5 Bh7 89. h6 Bg6 90. Rg1 Bh7 91. Rg7 Bb1 
92. Ra7 Ke6 93. h7 Bxh7 94. Rxh7 Kd5 95. Rh5+ Kd4 96. Kf3 Kc3 97. Rh4 Kd3 
98. Re4 Kc2 99. Ke2 Kc3 100. Rh4 Kb2 101. Kd2 Kb3 102. Re4 Kb2 103. Re3 Ka1 
104. Rb3 Ka2 105. Kc2 Ka1 106. Ra3# 1-0

[Event "Monday Night Engine Tour 13 Rd Swiss 3m+1s Starts at 2200hrs ST"]
[Site "Infinity Chess"]
[Date "2018.4.9"]
[Round "8"]
[White "Victorious"]
[Black "OlivierEvan"]
[Result "1-0"]
[ECO "B06"]
[WhiteElo "2574"]
[BlackElo "2488"]
[WhiteEngine "Cfish_x64_060418_LTO_popcnt"]
[BlackEngine "Houdini 6"]
[EventType "Swiss"]
[WhiteTeam ""]
[BlackTeam ""]
[PlyCount "151"]
[TimeControl "180+1"]

1. e4 g6 2. d4 Bg7 3. Nc3 d6 4. Nf3 a6 5. Bc4 e6 6. O-O b5 7. Bd3 Bb7 8. Re1 Nd7 
9. Ne2 Ngf6 10. Ng3 c5 11. c3 O-O 12. a4 Bc6 13. a5 c4 14. Bc2 Re8 15. h4 e5 
16. h5 Bb7 17. Bg5 h6 18. Be3 Nxh5 19. Nxh5 gxh5 20. d5 Rb8 21. Qe2 h4 
22. g3 hxg3 23. fxg3 f5 24. Qd2 Qe7 25. Re2 Rf8 26. Rh2 Nf6 27. Nh4 fxe4 
28. Nf5 Qc7 29. Nxg7 Qxg7 30. Bxh6 Qg6 31. Bxf8 Rxf8 32. Rf1 Rf7 33. Rff2 Kf8 
34. Qe3 Bxd5 35. Rh6 Qg7 36. Bd1 Be6 37. Bh5 Nxh5 38. Rxh5 Rxf2 39. Qxf2+ Bf7 
40. Rh4 Qg5 41. Rxe4 Qc1+ 42. Re1 Qg5 43. Kf1 Qh6 44. Kg2 Ke7 45. Qa7+ Ke6 
46. Qe3 Qxe3 47. Rxe3 d5 48. g4 b4 49. cxb4 d4 50. Rh3 Kd5 51. Kf2 e4 52. b5 e3+ 
53. Ke1 Ke4 54. Rh7 Bg8 55. Rg7 Bd5 56. Re7+ Kd3 57. bxa6 Bf3 58. Rf7 Ba8 
59. Rf8 Bh1 60. a7 Kc2 61. a8=Q Bxa8 62. Rxa8 d3 63. Rd8 d2+ 64. Ke2 Kxb2 
65. a6 c3 66. Kxe3 d1=R 67. Rxd1 c2 68. Rf1 c1=R 69. Rxc1 Kxc1 70. a7 Kb2 
71. Kd3 Ka3 72. Kc4 Kb2 73. a8=Q Kc2 74. Qa2+ Kd1 75. Kd3 Kc1 76. Qa1# 1-0

[Event "Monday Night Engine Tour 13 Rd Swiss 3m+1s Starts at 2200hrs ST"]
[Site "Infinity Chess"]
[Date "2018.4.9"]
[Round "8"]
[White "Coco69"]
[Black "ocirema"]
[Result "1/2-1/2 "]
[ECO "C55"]
[WhiteElo "2469"]
[BlackElo "2517"]
[WhiteEngine "asmFishW_2018-04-08_popcnt_CTG"]
[BlackEngine "asmFishW_2018-04-08_popcnt_CTG"]
[EventType "Swiss"]
[WhiteTeam ""]
[BlackTeam ""]
[PlyCount "141"]
[TimeControl "180+1"]

1. e4 e5 2. Nf3 Nc6 3. Bc4 Nf6 4. d3 Bc5 5. c3 d6 6. O-O O-O 7. Nbd2 a5 
8. Re1 h6 9. Nf1 Be6 10. Bb5 Ne7 11. d4 exd4 12. cxd4 Bb6 13. Ng3 d5 14. e5 Ne4 
15. Nxe4 dxe4 16. Rxe4 Bd5 17. Bd3 Bxe4 18. Bxe4 Qd7 19. Be3 Rad8 20. Qe2 Nd5 
21. Bc2 Nxe3 22. fxe3 g6 23. Qd3 Kg7 24. Rd1 Qc6 25. Nh4 Bc5 26. g3 Qb6 
27. Qe4 Be7 28. Ng2 Rde8 29. h4 Qc6 30. Qd3 Qa6 31. Qxa6 bxa6 32. Nf4 Rb8 
33. b3 Ba3 34. Kg2 Rfe8 35. h5 g5 36. Ne2 a4 37. g4 f6 38. exf6+ Kxf6 
39. Kf3 axb3 40. axb3 Bd6 41. e4 Bf8 42. e5+ Kg7 43. Ng3 c5 44. Nf5+ Kh8 
45. Nd6 Bxd6 46. exd6 Rf8+ 47. Ke4 Rb5 48. d7 Rd8 49. Ke5 Rxd7 50. d5 Kg7 
51. Ke6 Rf7 52. d6 c4 53. bxc4 Rf6+ 54. Kd7 Rc5 55. Bg6 Rxc4 56. Ke7 Rc6 
57. d7 Rfe6+ 58. Kd8 a5 59. Rd5 a4 60. Ra5 Rc4 61. Bf5 Re1 62. Ra6 Rd4 
63. Be6 Kf8 64. Ba2 Red1 65. Rf6+ Kg7 66. Rg6+ Kh7 67. Bg8+ Kh8 68. Be6 a3 
69. Rxh6+ Kg7 70. Rg6+ Kh7 71. Rxg5 1/2-1/2

[Event "Monday Night Engine Tour 13 Rd Swiss 3m+1s Starts at 2200hrs ST"]
[Site "Infinity Chess"]
[Date "2018.4.9"]
[Round "7"]
[White "SkyPilot"]
[Black "Dovahkiin"]
[Result "1/2-1/2"]
[ECO "C50"]
[WhiteElo "2501"]
[BlackElo "2441"]
[WhiteEngine "stockfish_x64_bmi2_2018_04_07_CTG"]
[BlackEngine "Raubfisch ME262_GTZ16f_CTG"]
[EventType "Swiss"]
[WhiteTeam ""]
[BlackTeam ""]
[PlyCount "113"]
[TimeControl "180+1"]

1. e4 e5 2. Nf3 Nc6 3. Bc4 Bc5 4. O-O Nf6 5. d3 d6 6. c3 O-O 7. Bg5 h6 8. Bh4 a5 
9. Nbd2 Ba7 10. Bg3 g5 11. Re1 Nh7 12. h3 g4 13. hxg4 Bxg4 14. Bd5 Ng5 
15. Qc2 Qf6 16. Bxc6 bxc6 17. Nh4 Qg7 18. Nf5 Bxf5 19. exf5 Qf6 20. d4 exd4 
21. a4 dxc3 22. bxc3 Rfe8 23. Qd3 Bc5 24. Kf1 Rab8 25. Nc4 Kh7 26. Nd2 d5 
27. Bxc7 Ne4 28. Nxe4 dxe4 29. Rxe4 Qxf5 30. Qf3 Qxf3 31. gxf3 Rxe4 32. Bxb8 Re7 
33. Rd1 Rb7 34. Rd8 Rb3 35. Be5 Rb2 36. Bg3 Rc2 37. Rc8 Rxc3 38. Rxc6 Bb4 
39. Rf6 Kg7 40. Be5 Ra3 41. Re6+ Kf8 42. Rxh6 Rxa4 43. f4 Bc5 44. Rc6 Bd4 
45. Rc8+ Ke7 46. Ra8 Bb6 47. Rb8 Bd8 48. f5 Rb4 49. Ra8 Bb6 50. Bc3 Rf4 
51. Ra6 Rxf2+ 52. Ke1 Rc2 53. Bxa5 Bxa5+ 54. Rxa5 Kf6 55. Kf1 Kg5 56. Ra7 f6 
57. Ra5 1/2-1/2

[Event "Monday Night Engine Tour 13 Rd Swiss 3m+1s Starts at 2200hrs ST"]
[Site "Infinity Chess"]
[Date "2018.4.9"]
[Round "7"]
[White "TasicV"]
[Black "MarioDeMonti"]
[Result "1/2-1/2"]
[ECO "C55"]
[WhiteElo "2338"]
[BlackElo "2499"]
[WhiteEngine "SugaR.XPrO.1.4.64.POCNT_CTG"]
[BlackEngine "stockfish_x64_bmi2_2018_02_18_CTG"]
[EventType "Swiss"]
[WhiteTeam ""]
[BlackTeam ""]
[PlyCount "97"]
[TimeControl "180+1"]

1. e4 e5 2. Nf3 Nc6 3. Bc4 Nf6 4. d3 Bc5 5. O-O d6 6. c3 O-O 7. Bg5 h6 8. Bh4 a6 
9. a4 g5 10. Bg3 Bg4 11. h3 Bc8 12. d4 Ba7 13. Re1 exd4 14. Nxd4 Bd7 
15. Nxc6 Bxc6 16. Nd2 Nd7 17. Nf3 Re8 18. Bd5 Qf6 19. Bxc6 bxc6 20. Nd4 Bxd4 
21. cxd4 Rab8 22. Rb1 a5 23. b3 Qe6 24. f3 c5 25. d5 Qg6 26. Re3 g4 27. hxg4 h5 
28. Be1 hxg4 29. Bxa5 c4 30. bxc4 Qh6 31. f4 Rxb1 32. Qxb1 Qxf4 33. Bd2 Ne5 
34. Qb3 Qh6 35. a5 Qg6 36. Be1 Nf3+ 37. Kf2 Nxe1 38. Kxe1 Qf6 39. Qd3 Qa1+ 
40. Kf2 Qxa5 41. e5 dxe5 42. Kg3 Qb6 43. Kxg4 Qh6 44. Rg3 Kf8 45. Qa3+ Re7 
46. Qa8+ Re8 47. Qa3+ Re7 48. Qa8+ Re8 49. Qa3+ 1/2-1/2

[Event "Monday Night Engine Tour 13 Rd Swiss 3m+1s Starts at 2200hrs ST"]
[Site "Infinity Chess"]
[Date "2018.4.9"]
[Round "7"]
[White "Thinker"]
[Black "star99"]
[Result "1/2-1/2"]
[ECO "C50"]
[WhiteElo "2498"]
[BlackElo "2432"]
[WhiteEngine "BrainFish_180404_x64_modern_CTG"]
[BlackEngine "Cryptic Heroes 9.3B"]
[EventType "Swiss"]
[WhiteTeam ""]
[BlackTeam ""]
[PlyCount "79"]
[TimeControl "180+1"]

1. e4 e5 2. Nf3 Nc6 3. Bc4 Bc5 4. O-O d6 5. d3 Nf6 6. c3 a5 7. Re1 Ba7 8. a4 O-O 
9. h3 h6 10. Nbd2 Be6 11. Bxe6 fxe6 12. Nc4 Nh5 13. Be3 Bxe3 14. Rxe3 Nf4 
15. Kh2 Qf6 16. Qb3 Nd4 17. cxd4 exd4 18. e5 Qg6 19. Nh4 Qh5 20. Rg3 d5 
21. Nf3 dxc4 22. Qxc4 Rac8 23. Qb3 c5 24. Qxb7 Qf7 25. Qa6 Rb8 26. Qxa5 Rxb2 
27. Qxc5 Rxf2 28. Qxd4 Rxg2+ 29. Rxg2 Nxg2 30. Ng1 Nf4 31. a5 Qb7 32. Ra2 Qb1 
33. Rf2 Nxd3 34. Rxf8+ Kxf8 35. Ne2 Qf1 36. Qxd3 Qf2+ 37. Kh1 Qf1+ 38. Kh2 Qf2+ 
39. Kh1 Qf1+ 40. Kh2 1/2-1/2

[Event "Monday Night Engine Tour 13 Rd Swiss 3m+1s Starts at 2200hrs ST"]
[Site "Infinity Chess"]
[Date "2018.4.9"]
[Round "7"]
[White "MGR"]
[Black "CoffeeOne"]
[Result "1/2-1/2"]
[ECO "D30"]
[WhiteElo "2524"]
[BlackElo "2513"]
[WhiteEngine "Eman 1.70-beta15 64-bit BMI2"]
[BlackEngine "cfish-extra"]
[EventType "Swiss"]
[WhiteTeam ""]
[BlackTeam ""]
[PlyCount "107"]
[TimeControl "180+1"]

1. d4 d5 2. c4 e6 3. Nf3 Nf6 4. Nc3 dxc4 5. e4 Bb4 6. Bg5 c5 7. Bxc4 cxd4 
8. Nxd4 Bxc3+ 9. bxc3 Qa5 10. Bxf6 Qxc3+ 11. Kf1 gxf6 12. Rc1 Qa5 13. g3 Bd7 
14. Kg2 O-O 15. Re1 Nc6 16. Bb5 Rfc8 17. Qg4+ Kf8 18. Bxc6 Bxc6 19. Qh4 Kg7 
20. Nxc6 Rxc6 21. e5 Qd5+ 22. Kg1 Qf3 23. Rxc6 bxc6 24. exf6+ Qxf6 25. Qg4+ Qg6 
26. Qf3 Rd8 27. Qxc6 Qd3 28. Qc5 Qd5 29. Qc7 h6 30. a3 Qd2 31. Rb1 Rd7 
32. Qe5+ Kg6 33. Qe4+ Kf6 34. Qh7 Ke7 35. Rb4 Rd4 36. Rb7+ Rd7 37. Rxd7+ Qxd7 
38. Qxh6 Qd1+ 39. Kg2 Qd5+ 40. Kf1 Qd3+ 41. Ke1 Qxa3 42. Qg5+ Ke8 43. Qg8+ Ke7 
44. Qg5+ Kd6 45. Qd8+ Ke5 46. Qg5+ Ke4 47. Qf4+ Kd5 48. f3 Qa1+ 49. Ke2 Qd4 
50. Qxd4+ Kxd4 51. h4 Ke5 52. Kd3 Kf5 53. g4+ Kf4 54. Kc4 1/2-1/2

[Event "Monday Night Engine Tour 13 Rd Swiss 3m+1s Starts at 2200hrs ST"]
[Site "Infinity Chess"]
[Date "2018.4.9"]
[Round "7"]
[White "MCDermont"]
[Black "Deep_Impact"]
[Result "1/2-1/2"]
[ECO "C55"]
[WhiteElo "2524"]
[BlackElo "2518"]
[WhiteEngine "BrainFish 090218"]
[BlackEngine "asmFishW_2018-04-07_bmi2"]
[EventType "Swiss"]
[WhiteTeam ""]
[BlackTeam ""]
[PlyCount "145"]
[TimeControl "180+1"]

1. e4 e5 2. Nf3 Nc6 3. Bc4 Nf6 4. d3 Bc5 5. c3 a5 6. O-O d6 7. Nbd2 O-O 
8. Re1 h6 9. Nf1 Be6 10. Bb5 Ne7 11. h3 Ba7 12. Ng3 c6 13. Ba4 b5 14. Bc2 a4 
15. d4 Ng6 16. Bd2 Bb6 17. Be3 Re8 18. b3 axb3 19. axb3 Rxa1 20. Qxa1 Qc7 
21. b4 Qb7 22. Qb1 Ra8 23. Qc1 Qb8 24. Qb2 Bc7 25. Ra1 Qc8 26. Qb1 Ra6 
27. Qc1 Qa8 28. Rxa6 Qxa6 29. Ne1 Qa2 30. Nd3 Bb6 31. Qd1 Ba7 32. dxe5 dxe5 
33. Bxa7 Qxa7 34. Nc5 Nf4 35. Kh2 Kh7 36. Ne2 Nxe2 37. Qxe2 Qe7 38. Bd3 Ne8 
39. Nxe6 Qxe6 40. c4 bxc4 41. Bxc4 Qf6 42. Bb3 Nc7 43. Bc4 g6 44. Qa2 Kg7 
45. Qd2 Ne6 46. Bxe6 Qxe6 47. f3 Qe7 48. Kg3 g5 49. Qc3 Qd6 50. Kf2 h5 51. g3 h4 
52. gxh4 gxh4 53. f4 f6 54. fxe5 fxe5 55. Qf3 Qd2+ 56. Qe2 Qf4+ 57. Qf3 Qg5 
58. Kf1 Qc1+ 59. Kg2 Qb2+ 60. Kf1 Qxb4 61. Qg4+ Kf7 62. Qf5+ Kg8 63. Qe6+ Kf8 
64. Qxc6 Qb1+ 65. Kg2 Qb2+ 66. Kf3 Qa3+ 67. Kg4 Qg3+ 68. Kh5 Qxh3 69. Qc5+ Kf7 
70. Qxe5 Qg3 71. Qd5+ Kf6 72. e5+ Qxe5+ 73. Qxe5+ 1/2-1/2

[Event "Monday Night Engine Tour 13 Rd Swiss 3m+1s Starts at 2200hrs ST"]
[Site "Infinity Chess"]
[Date "2018.4.9"]
[Round "7"]
[White "Coco69"]
[Black "Vimtiroba"]
[Result "1/2-1/2"]
[ECO "C50"]
[WhiteElo "2466"]
[BlackElo "2540"]
[WhiteEngine "asmFishW_2018-04-08_popcnt_CTG"]
[BlackEngine "SF9 ''A6''_CTG"]
[EventType "Swiss"]
[WhiteTeam ""]
[BlackTeam ""]
[PlyCount "132"]
[TimeControl "180+1"]

1. e4 e5 2. Nf3 Nc6 3. Bc4 Bc5 4. O-O d6 5. d3 Nf6 6. c3 a5 7. Re1 Ba7 
8. Nbd2 O-O 9. Nf1 Be6 10. Bb5 Ne7 11. d4 exd4 12. Nxd4 Ng6 13. Ba4 h6 
14. Be3 Bc8 15. Bc2 Re8 16. Ng3 d5 17. f3 Bd7 18. Bf2 Ne5 19. a4 dxe4 
20. Nxe4 Nxe4 21. Bxe4 Nc6 22. Qd2 Nxd4 23. Bxd4 Bxd4+ 24. Qxd4 c6 25. b4 Be6 
26. b5 Qxd4+ 27. cxd4 Red8 28. bxc6 bxc6 29. Bxc6 Rac8 30. Bb5 Rxd4 31. Rad1 Rb4 
32. Rd6 Ra8 33. Rd2 h5 34. Red1 Ra7 35. Kf2 Kh7 36. Rc1 g6 37. Re2 Kh6 
38. Re5 Ra8 39. Bc6 Rb2+ 40. Kg1 Ra6 41. h3 Ra2 42. Rc3 Rd2 43. Rec5 Kg7 
44. Kh2 Ra7 45. Bb5 Rd4 46. Re3 Rb4 47. Rcc3 h4 48. Kg1 Ra8 49. Rc7 Bb3 
50. Re4 Rd8 51. Ra7 Rd1+ 52. Kf2 Rxe4 53. fxe4 Rd2+ 54. Kg1 Rd4 55. Bc6 Rd1+ 
56. Kh2 Rc1 57. Bd5 Bxd5 58. exd5 Rc5 59. d6 Kf6 60. d7 Ke7 61. d8=Q+ Kxd8 
62. Rxf7 Rc4 63. Rf6 Rxa4 64. Rxg6 Kc7 65. g3 hxg3+ 66. Kxg3 Ra1 1/2-1/2

[Event "Monday Night Engine Tour 13 Rd Swiss 3m+1s Starts at 2200hrs ST"]
[Site "Infinity Chess"]
[Date "2018.4.9"]
[Round "7"]
[White "koalachess"]
[Black "OlivierEvan"]
[Result "1/2-1/2"]
[ECO "B06"]
[WhiteElo "2360"]
[BlackElo "2493"]
[WhiteEngine "stockfish_9_x64_popcnt_CTG"]
[BlackEngine "Houdini 6"]
[EventType "Swiss"]
[WhiteTeam ""]
[BlackTeam ""]
[PlyCount "144"]
[TimeControl "180+1"]

1. e4 g6 2. d4 Bg7 3. Nc3 d6 4. Bc4 a6 5. Nf3 e6 6. O-O b5 7. Bb3 Nd7 8. Re1 Ne7 
9. a4 b4 10. Ne2 O-O 11. Nf4 Rb8 12. a5 Nc6 13. c3 bxc3 14. bxc3 Rb5 
15. Ba4 Rxa5 16. Bd2 Bb7 17. Ra3 Qa8 18. Bc1 Ncb8 19. Bxd7 Rxa3 20. Nxe6 Ra1 
21. Nxf8 Bxf8 22. Be8 Nc6 23. Bxf7+ Kxf7 24. Qb3+ Kg7 25. Bh6+ Kxh6 26. Rxa1 Kg7 
27. Qa4 Qc8 28. d5 Nd8 29. Qe8 Nf7 30. Qxc8 Bxc8 31. Rb1 Ne5 32. Nxe5 dxe5 
33. Rb8 Bg4 34. c4 Bd6 35. Kf1 Bd1 36. Rb7 Kf6 37. Ke1 Bc2 38. c5 Be7 
39. f3 Bxc5 40. Rxc7 Bb4+ 41. Ke2 Ba4 42. Rxh7 Bb5+ 43. Kd1 g5 44. Rb7 Ba4+ 
45. Ke2 Bc5 46. g3 Bb5+ 47. Ke1 Kg6 48. Rb8 Kg7 49. h4 gxh4 50. gxh4 Kg6 
51. d6 Bd4 52. Rg8+ Kf7 53. Rc8 Kg6 54. Rg8+ Kf7 55. Rc8 Kg6 56. Rc7 Bb6 
57. Re7 Bd8 58. h5+ Kxh5 59. Rxe5+ Kg6 60. Rf5 Ba5+ 61. Kf2 Bb4 62. Rd5 Bd7 
63. Ke3 Kf6 64. Kd4 Ke6 65. Rg5 Kxd6 66. Rg6+ Be6 67. f4 Bc5+ 68. Kd3 Kd7 
69. f5 Ba2 70. Rxa6 Bb1+ 71. Kc4 Bxe4 72. Kxc5 Bxf5 1/2-1/2